 Dungeon Crawl Stone Soup version 0.28-a0-1159-g27aa881441 (webtiles) character file.

Game seed: 16290399904584787357

898 SensoryNuts the Cudgeller (level 7, -10/65 (68) HPs)
             Began as a Troll Fighter on Dec 15, 2021.
             Killed by divine providence
             ... invoked by an orc priest
              (16 damage)
             ... on level 5 of the Dungeon.
             The game lasted 00:06:01 (3868 turns).

SensoryNuts the Cudgeller (Troll Fighter)           Turns: 3868, Time: 00:06:02

HP:   -10/65 (68)   AC:  4    Str: 27    XL:     7   Next: 79%
MP:   6/6           EV:  9    Int:  4    God:
Gold: 202           SH:  7    Dex:  9    Spells: 4/6 levels left

rFire   . . .      SeeInvis .   d - +2 flail (vorpal)
rCold   . . .      Faith    .   c - +0 kite shield
rNeg    . . .      Spirit   .   b - +0 robe
rPois   .          Reflect  .   (helmet restricted)
rElec   .          Harm     .   (no cloak)
rCorr   .          Rampage  .   (gloves unavailable)
Will    .....                   (boots unavailable)
Stlth   +.........              (no amulet)
HPRegen 1.00/turn               (no ring)
MPRegen 0.10/turn               (no ring)

@: brilliant, lightly drained
A: large, unfitting armour, claws 3, regeneration 1, shaggy fur 1, tough skin 1
a: no special abilities


You were on level 5 of the Dungeon.
You visited 1 branch of the dungeon, and saw 5 of its levels.

You collected 202 gold pieces.

Inventory:

Hand Weapons
 a - a +0 flail
 d - a +2 vorpal flail (weapon)
Armour
 b - a +0 robe (worn)
 c - a +0 kite shield (worn)
Magical Staves
 e - a staff of cold
Jewellery
 i - a ring of willpower


   Skills:
 + Level 3.6 Fighting
 + Level 5.4 Maces & Flails
 + Level 4.2 Dodging
 + Level 0.9 Stealth
 + Level 3.9 Shields


You had 4 spell levels left.
You knew the following spells:

 Your Spells              Type           Power      Damage    Failure   Level
a - Blink                 Tloc           0%         N/A       95%         2

Your spell library contained the following spells:

 Spells                   Type           Power      Damage    Failure   Level
 Slow                     Hex            0%         N/A       86%         1
 Confusing Touch          Hex            0%         N/A       99%         3
 Lesser Beckoning         Tloc           0%         N/A       99%         3
 Manifold Assault         Tloc           0%         N/A       100%        5
 Yara's Violent Unravell  Hex/Tmut       0%         3d3       100%        5


Dungeon Overview and Level Annotations

Branches:
Dungeon (5/15)
 Temple: D:4-7

Altars:

Shops:
D:1 *


Innate Abilities, Weirdness & Mutations

You are too large for most types of armour.
You have claws for hands.
Your natural rate of healing is unusually fast.
You are covered in fur. (AC +1)
You have tough skin. (AC +1)


Message History

You feel clever all of a sudden. The orc priest closely misses you.
The orc barely misses you. You block the orc's attack.
The shadow imp hits you but does no damage.
You sock the orc priest!
The orc priest is almost dead.
The orc priest barely misses you. The orc completely misses you.
The orc hits you with a +0 falchion.
* * * LOW HITPOINT WARNING * * *
You block the shadow imp's attack.
The orc priest calls down the wrath of Beogh upon you.
Pain shoots through your body!
* * * LOW HITPOINT WARNING * * *
You closely miss the orc priest.
The orc priest is almost dead.
The orc hits you with a +2 mace of draining.
* * * LOW HITPOINT WARNING * * *
You feel drained.
* * * LOW HITPOINT WARNING * * *
The orc barely misses you. You block the shadow imp's attack.
The orc priest hits you with a +0 hand axe.
* * * LOW HITPOINT WARNING * * *
The orc closely misses you.
As you read the scroll labelled QEXAHE GILORPHU, it crumbles to dust.
It is a scroll of identify.
You don't have any unidentified items.
The orc hits you with a +0 falchion.
* * * LOW HITPOINT WARNING * * *
You block the shadow imp's attack.
The orc priest hits you with a +0 hand axe.
* * * LOW HITPOINT WARNING * * *
The orc hits you with a +2 mace of draining.
* * * LOW HITPOINT WARNING * * *
You feel drained.
* * * LOW HITPOINT WARNING * * *
You block the orc's attack.
Unknown command.
The orc priest invokes the aid of Beogh against you.
Beogh smites you!
You die...

............##.# #...........
............##.###...........
#.#......##.#................
#.........#.......#!.........
#.##.##...###....o...........
#.##...........)o#......?....
..###..#...##..).##......(...
#.........###..5o##..........
#...<.#.........@####.....#..
#.....######.....# #.#.### #
#.....# .................
#.....# ######...........
#.###+# ###.... #.# .... #.+
..... #.# ...... #.#


You could see an orc priest, a shadow imp and 2 orcs.

Vanquished Creatures
  Pikel (D:4)
  A scorpion (D:3)
  A water moccasin zombie (D:5)
  2 orc wizards (D:5)
  Natasha (thrice) (D:4)
  6 gnolls
  4 adders
  A white imp (D:4)
  An ufetubus (D:5)
  An adder skeleton (D:4)
  A worm (D:3)
  5 dart slugs
  2 orcs
  10 ball pythons
  6 endoplasms
  4 giant cockroaches (D:1)
  4 hobgoblins
  5 jackals
  5 quokkas
  5 bats
  4 frilled lizards
  6 goblins
  5 kobolds
  8 rats
91 creatures vanquished.

Vanquished Creatures (others)
  10 plants (D:1)
10 creatures vanquished.

Grand Total: 101 creatures vanquished

Notes
Turn   | Place    | Note
-------+----------+-------------------------------------------
     0 | D:1      | SensoryNuts the Troll Fighter began the quest for the Orb.
     0 | D:1      | Reached XP level 1. HP: 22/22 MP: 0/0
    80 | D:1      | Reached XP level 2. HP: 25/29 MP: 1/1
    88 | D:1      | Found Kydwienku's Assorted Antiques.
   102 | D:1      | Reached skill level 2 in Maces & Flails
   447 | D:1      | Reached XP level 3. HP: 36/36 MP: 2/2
  1032 | D:2      | Found a faded altar of an unknown god.
  1814 | D:3      | Reached XP level 4. HP: 21/44 MP: 3/3
  1964 | D:3      | Learned a level 2 spell: Blink
  2078 | D:3      | Noticed a scorpion
  2089 | D:3      | Killed a scorpion
  2090 | D:3      | Reached skill level 3 in Maces & Flails
  2090 | D:3      | Reached XP level 5. HP: 34/52 MP: 4/4
  3282 | D:4      | Noticed a lemure
  3283 | D:4      | Noticed Pikel
  3294 | D:4      | Noticed a lemure
  3295 | D:4      | Noticed a lemure
  3297 | D:4      | Noticed a lemure
  3302 | D:4      | Killed Pikel
  3303 | D:4      | Reached skill level 4 in Maces & Flails
  3303 | D:4      | Reached XP level 6. HP: 28/61 MP: 5/5
  3303 | D:4      | Reached XP level 7. HP: 31/67 MP: 6/6
  3550 | D:4      | Noticed Natasha
  3554 | D:4      | Killed Natasha
  3578 | D:4      | Noticed Natasha
  3588 | D:4      | Killed Natasha
  3589 | D:4      | Reached skill level 5 in Maces & Flails
  3768 | D:4      | Noticed Natasha
  3771 | D:4      | Killed Natasha
  3790 | D:5      | Entered Level 5 of the Dungeon
  3865 | D:5      | HP: 3/65 [orc (1)]
  3868 | D:5      | Killed from afar by an orc priest

Illustrated notes

Levels and vault maps discovered:
D:1:      roderic_crop_circles_arrival_small, layout_basic, serial_shops,
          nicolae_shop_crystal, st_stairs_9
D:2:      layout_basic, shapermc_ecumenical_altar_pompeii,
          minmay_splitting_lines, kennysheep_donut, minmay_unequal
D:3:      layout_basic
D:4:      layout_loops_corners, uniq_pikel, uniq_natasha
D:5:      layout_rooms, gammafunk_ghost_arena, minivault_1, minmay_fountain_box,
          kennysheep_generic_room_14, uniq_eustachio

Skill      XL: |  1  2  3  4  5  6  7 |
---------------+----------------------+-----
Maces & Flails | 2 3 4 5 |  5.4
Dodging        | 3 4 |  4.2
Shields        | 3 |  3.9
Fighting       | 3 |  3.6
Stealth        | |  0.9

Action                   |  1- 3 |  4- 6 |  7- 9 || total
-------------------------+-------+-------+-------++-------
Melee: Flail             |   159 |    95 |    42 ||   296
  Use: Potion            |     2 |     6 |     2 ||    10
       Scroll            |     1 |       |     5 ||     6
 Stab: Sleeping          |     1 |     1 |       ||     2
Armor: Robe              |    70 |    22 |    23 ||   115
       Skin              |       |    15 |       ||    15
Dodge: Dodged            |    58 |    54 |    25 ||   137
Block: Kite shield       |    67 |    51 |    32 ||   150

Table legend: (Time is in decaauts)
 A = Elapsed time spent in this place.
 B = Non-inter-level travel time spent in this place.
 C = Inter-level travel time spent in this place.
 D = Time resting spent in this place.
 E = Time spent auto-exploring this place.
 F = Levels seen in this place.
 G = Mean time per level.
                   A        B        C        D        E       F      G
               +--------+--------+--------+--------+--------+-----+--------+
         Total |   4001 |   3611 |    390 |    100 |   2555 |   5 |  800.2 |
       Dungeon |   4001 |   3611 |    390 |    100 |   2555 |   5 |  800.2 |
               +--------+--------+--------+--------+--------+-----+--------+

Top non-repeatable levels by time:
     D:4: 1058 daAuts
     D:3: 1044 daAuts
     D:2: 990 daAuts
     D:1: 825 daAuts
     D:5: 82 daAuts
